 Dungeon Crawl Stone Soup version 0.23.0 (webtiles) character file.

Game seed: 14178514728931386917

80 xccam the Ruffian (level 4, 0/35 HPs)
             Began as a Draconian Transmuter on Feb 18, 2019.
             Killed by nerve-wracking pain
             ... invoked by Grinder
              (6 damage)
             ... on level 2 of the Dungeon.
             The game lasted 00:04:05 (1586 turns).

xccam the Ruffian (Draconian Transmuter)            Turns: 1586, Time: 00:04:06

Health: 0/35       AC:  6    Str: 13    XL:     4   Next: 18%
Magic:  4/7        EV: 12    Int: 14    God:
Gold:   132        SH:  0    Dex: 11    Spells: 4/7 levels left

rFire    . . .     SeeInvis .     - Unarmed
rCold    . . .     Gourm    .   (no shield)
rNeg     . . .     Faith    .   (armour unavailable)
rPois    .         Spirit   .   (helmet restricted)
rElec    .         Reflect  .   (no cloak)
rCorr    .         Harm     +   (no gloves)
MR       .....                  o - +0 pair of boots
Stlth    +.........             b - amulet of harm
HPRegen  0.11/turn              (no ring)
MPRegen  0.10/turn              (no ring)

@: very slightly contaminated
A: unfitting armour, cold-blooded, AC +5
a: no special abilities


You were on level 2 of the Dungeon.
You were very hungry.

You visited 1 branch of the dungeon, and saw 3 of its levels.

You collected 132 gold pieces.

Inventory:

Missiles
 a - 24 arrows
Armour
 o - a +0 pair of boots (worn)
Jewellery
 b - an amulet of harm (around neck)
Scrolls
 e - a scroll of magic mapping
 g - a scroll of fog
 l - a scroll of remove curse
Potions
 d - a potion of lignification
 i - 4 potions of curing
 j - 2 potions of agility
 m - a potion of ambrosia {unknown}
 n - a potion of haste
Comestibles
 c - 4 rations


   Skills:
 - Level 1.1 Fighting
 - Level 1.7 Dodging
 + Level 4.7 Unarmed Combat
 - Level 2.0 Spellcasting
 + Level 2.7 Transmutations


You had 4 spell levels left.
You knew the following spells:

 Your Spells              Type           Power        Failure   Level  Hunger
a - Beastly Appendage     Tmut           #.....       8%          1    ##.....
b - Sticks to Snakes      Tmut           #.......     12%         2    ###....

Your spell library contained the following spells:

 Spells                   Type           Power        Failure   Level  Hunger
 Spider Form              Tmut/Pois      #.........   38%         3    ####...
 Ice Form                 Ice/Tmut       #.......     80%         4    #####..
 Blade Hands              Tmut           #.........   91%         5    ######.


Dungeon Overview and Level Annotations

Branches:
Dungeon (3/15)

Altars:
Nemelex Xobeh
Uskayaw

Annotations:
D:2 Grinder


Innate Abilities, Weirdness & Mutations

Your plain brown scales are hard. (AC +5)
You cannot fit into any form of body armour.
You are cold-blooded and may be slowed by cold attacks.


Message History

Confirm with . or Enter, or press ? or * to list all spells.
You miscast Beastly Appendage.
You are very lightly contaminated with residual magic.
Nothing appears to happen.
Grinder hits you.
You writhe in agony.
Casting: Beastly Appendage (safe; 8% risk of failure)
Confirm with . or Enter, or press ? or * to list all spells.
You create a snake!
You now have 24 arrows.
Grinder gestures at you.
You suddenly lose the ability to move!
Grinder hits you.
Your ball python closely misses Grinder. x2
Grinder hits you.
* * * LOW HITPOINT WARNING * * *
You can move again.
Unknown command.
Your ball python closely misses Grinder.
Your ball python grabs Grinder.
Your ball python constricts Grinder.
Grinder gestures at you. Pain shoots through your body!
You die...

# #........#.#.# # #.######.#.#.#
### #.# #.#.#.##
..###.######......#
..................#
#.###..##.####.#..########
#.###..##......#5...รท.)..########
...............S>....###.##......
#.###..##.####.#@.######.##.#.###
#.# #..##.# #.........#.##.#.#
#.###.....####.#..####.#.##.#.###
.......#.........................
#.###..........#..#.##.####...###
#................................
#.###.......##.#..#.##.#####.....
.......##..###.##.#.##.# #..##.
#.###..##..###.##.#.##.#####..##(


You could see Grinder and a friendly ball python.

Vanquished Creatures
  3 adders
  A dart slug (D:1)
  3 giant cockroaches
  8 goblins
  7 hobgoblins
  2 jackals (D:2)
  3 ball pythons
  5 bats
  4 frilled lizards (D:1)
  6 kobolds
  10 rats
52 creatures vanquished.

Notes
Turn   | Place    | Note
-------+----------+-------------------------------------------
     0 | D:1      | xccam the Draconian Transmuter began the quest for the Orb.
     0 | D:1      | Reached XP level 1. HP: 16/16 MP: 3/3
   116 | D:1      | Reached XP level 2. HP: 18/23 MP: 5/5
   308 | D:1      | Reached skill level 4 in Unarmed Combat
   856 | D:2      | Found a hide-covered altar of Uskayaw.
   860 | D:2      | Reached XP level 3. HP: 28/28 MP: 6/6
   868 | D:2      | Learned a level 2 spell: Sticks to Snakes
  1219 | D:2      | Reached XP level 4. HP: 26/35 MP: 7/7
  1522 | D:3      | Found a sparkling altar of Nemelex Xobeh.
  1569 | D:3      | Noticed Grinder
  1570 | D:3      | Paralysed by Grinder for 7 turns
  1583 | D:2      | Paralysed by Grinder for 3 turns
  1586 | D:2      | Killed from afar by Grinder

Skill      XL: |  1  2 |
---------------+-------+-----
Unarmed Combat | 4 |  4.7
Fighting       | |  1.1
Dodging        | |  1.7
Spellcasting   | |  2.0
Transmutations | |  2.7

Action                   |  1- 3 |  4- 6 || total
-------------------------+-------+-------++-------
Melee: Unarmed           |   162 |    12 ||   174
       Tailslap          |    13 |     1 ||    14
       Kick              |     1 |       ||     1
 Cast: Beastly Appendage |     1 |       ||     1
       Sticks to Snakes  |       |     1 ||     1
  Use: Scroll            |       |     8 ||     8
       Potion            |       |     1 ||     1
  Eat: Chunk             |     1 |       ||     1
Armor: Skin              |    74 |     6 ||    80
Dodge: Dodged            |   114 |     6 ||   120
